 Dungeon Crawl Stone Soup version 0.28-a0-1212-gc6b4282bc0 (webtiles) character file.

Game seed: 11772192125682751996

40 BinkBink the Poker (level 3, 0/39 HPs)
             Began as an Ogre Monk on Dec 21, 2021.
             Was a Plaything of Xom.
             Slain by an adder (1 damage)
             ... on level 2 of the Dungeon.
             The game lasted 00:02:12 (1224 turns).

BinkBink the Poker (Ogre Monk)                      Turns: 1224, Time: 00:02:13

Health: 0/39       AC:  3    Str: 15    XL:     3   Next: 50%
Magic:  3/3        EV: 10    Int: 17    God:    Xom [.....*]
Gold:   62         SH:  0    Dex: 13    Spells: 2/2 levels left

rFire   . . .      SeeInvis .   a - +0 spear
rCold   . . .      Faith    .   (no shield)
rNeg    . . .      Spirit   .   b - +0 robe
rPois   .          Reflect  .   (helmet restricted)
rElec   .          Harm     .   (no cloak)
rCorr   .          Rampage  .   (gloves unavailable)
Will    .....                   (boots unavailable)
Stlth   ++........              (no amulet)
HPRegen 0.13/turn               c - +6 ring of intelligence
MPRegen 0.08/turn               (no ring)

@: brilliant, lethally poisoned (0 -> -4)
A: large, unfitting armour, tough skin 1
a: Renounce Religion


You were on level 2 of the Dungeon.
You worshipped Xom.
You were Xom's teddy bear.
You visited 1 branch of the dungeon, and saw 2 of its levels.

You collected 62 gold pieces.

Inventory:

Hand Weapons
 a - a +0 spear (weapon)
Armour
 b - a +0 robe (worn)
 i - a +0 pair of gloves
Magical Staves
 g - a staff of cold
Jewellery
 c - a +6 ring of intelligence (left hand)
Scrolls
 d - a scroll of noise {unknown}
 h - a scroll of identify {unknown}
Potions
 f - a potion of attraction {unknown}


   Skills:
 - Level 4.0 Fighting
 + Level 4.4 Polearms
 - Level 2.6 Dodging
 - Level 1.4 Stealth


You had 2 spell levels left.
You didn't know any spells.
Your spell library was empty.

Dungeon Overview and Level Annotations

Branches:
Dungeon (2/15)

Altars:
Xom


Innate Abilities, Weirdness & Mutations

You are too large for most types of armour.
You have tough skin. (AC +1)


Message History

You feel sick. The adder bites you.
You are more poisoned.
The adder poisons you! The adder bites you.
You feel sick.
You feel sick.
You feel sick.
You feel sick. The adder barely misses you.
You feel sick. The kobold hits you with a +0 dagger.
You feel sick.
You feel sick.
You are no longer poisoned.
The adder bites you.
* * * LOW HITPOINT WARNING * * *
The adder barely misses you. The adder bites you but does no damage.
The adder barely misses you. The adder closely misses you.
The adder bites you but does no damage. The adder bites you but does no damage.
The adder barely misses you. The adder barely misses you.
The adder barely misses you. The adder bites you. The adder closely misses you.
The adder bites you.
You are poisoned.
The adder poisons you!
You feel sick.
You feel sick.
You feel sick. The adder bites you.
* * * LOW HITPOINT WARNING * * *
You are lethally poisoned!
The adder poisons you!
* * * LOW HITPOINT WARNING * * *
You feel sick.
It was a potion of brilliance.
You feel clever all of a sudden.
* * * LOW HITPOINT WARNING * * *
You feel sick. The adder bites you.
You die...

########### #.....†...#
#†#######.# #.# #.# #.# #.#
#############.#######.##########
........KS.S.............>......
#############S#######.##..†.....
#.SS@...#.##........
#######.#...#.#####.
####.###)#.# #........#.#
########## #.....<....#
.........# #.......##.#####
.........### #........†......
............ .........##^#####
.........# ###.......# #


You could see 2 adders and a ball python.

Vanquished Creatures
  A dart slug (D:1)
  4 ball pythons (D:1)
  7 bats
  5 endoplasms
  2 giant cockroaches (D:1)
  2 goblins (D:1)
  3 hobgoblins (D:1)
  2 frilled lizards
  6 kobolds
  A rat (D:2)
33 creatures vanquished.

Vanquished Creatures (others)
  3 plants (D:2)
3 creatures vanquished.

Grand Total: 36 creatures vanquished

Notes
Turn   | Place    | Note
-------+----------+-------------------------------------------
     0 | D:1      | BinkBink the Ogre Monk began the quest for the Orb.
     0 | D:1      | Reached XP level 1. HP: 24/24 MP: 1/1
   129 | D:1      | Reached XP level 2. HP: 25/32 MP: 2/2
   580 | D:1      | Found a faded altar of an unknown god.
   591 | D:1      | Prayed at the altar of an unknown god.
   591 | D:1      | Became a worshipper of Xom of Chaos
   735 | D:1      | XOM: 6-stop teleportation journey
   852 | D:1      | Reached XP level 3. HP: 39/39 MP: 3/3
   943 | D:2      | XOM: 3-stop teleportation journey
  1161 | D:2      | XOM: scenery: summon butterflies
  1224 | D:2      | HP: 1/39 [poisoned by an adder]
  1224 | D:2      | Slain by an adder

Illustrated notes

Levels and vault maps discovered:
D:1:      denvon_arrival_waterhouse, layout_rooms,
          dreamdust_ecumenical_altar_hidden_monk_grotto, serial_bayou_ford_a
D:2:      cheibrodos_old_hovel, layout_basic, minmay_nonomino_d4,
          uniq_crazy_yiuf_cottage

Skill      XL: |  1  2 |
---------------+-------+-----
Polearms       | 4 |  4.4
Fighting       | |  4.0
Dodging        | |  2.6
Stealth        | |  1.4

Action                   || total
-------------------------++-------
Melee: Spear             ||   137
  Use: Potion            ||     1
 Stab: Sleeping          ||     5
       Distracted        ||     1
Armor: Robe              ||    31
Dodge: Dodged            ||    57

Table legend: (Time is in decaauts)
 A = Elapsed time spent in this place.
 B = Non-inter-level travel time spent in this place.
 C = Inter-level travel time spent in this place.
 D = Time resting spent in this place.
 E = Time spent auto-exploring this place.
 F = Levels seen in this place.
 G = Mean time per level.
                   A        B        C        D        E       F      G
               +--------+--------+--------+--------+--------+-----+--------+
         Total |   1217 |   1204 |     13 |      0 |    880 |   2 |  608.5 |
       Dungeon |   1217 |   1204 |     13 |      0 |    880 |   2 |  608.5 |
               +--------+--------+--------+--------+--------+-----+--------+

Top non-repeatable levels by time:
     D:1: 918 daAuts
     D:2: 298 daAuts
